 Dungeon Crawl Stone Soup version 0.23-b1-86-gba62f8e092 (webtiles) character file.

Game seed: 17731947180304429648

8505 McKennaii the Carver (level 11, 0/84 HPs)
             Began as a Demonspawn Fighter on Feb 8, 2019.
             Was a Believer of Makhleb.
             Slain by a wyvern zombie (7 damage)
             ... on level 9 of the Dungeon.
             The game lasted 00:22:25 (9459 turns).

McKennaii the Carver (Demonspawn Fighter)           Turns: 9459, Time: 00:22:25

Health: 0/84       AC: 10    Str: 22    XL:     11   Next: 10%
Magic:  17/17      EV: 14    Int:  9    God:    Makhleb [**....]
Gold:   418        SH: 11    Dex: 15    Spells: 10/10 levels left

rFire    . . .     SeeInvis .   a - +0 long sword
rCold    + + .     Gourm    .   c - +0 shield
rNeg     . . .     Faith    .   p - +1 scale mail "Cocludiu" {rC++} (curse)
rPois    .         Spirit   .   l - +0 helmet (curse)
rElec    .         Reflect  .   (no cloak)
rCorr    .         Harm     .   (no gloves)
MR       .....                  (boots unavailable)
Stlth    ..........             (no amulet)
HPRegen  0.24/turn              (no ring)
MPRegen  0.15/turn              m - +2 ring of strength

@: lightly drained
A: hooves 3, repulsion field 2, agile 1, powered by death 2
a: Minor Destruction, Renounce Religion


You were on level 9 of the Dungeon.
You worshipped Makhleb.
Makhleb was pleased with you.
You were hungry.

You visited 2 branches of the dungeon, and saw 10 of its levels.

You collected 418 gold pieces.

Inventory:

Hand Weapons
 a - a +0 long sword (weapon)
Armour
 c - a +0 shield (worn)
 l - a cursed +0 helmet (worn)
 p - the cursed +1 scale mail "Cocludiu" (worn) {rC++}
   (You found it on level 4 of the Dungeon)

   It greatly protects you from cold.
   It has a curse placed upon it.
Jewellery
 m - a +2 ring of strength (right hand)
 x - an uncursed amulet of magic regeneration {unknown}
 y - a cursed amulet of inaccuracy {unknown}
Wands
 v - a wand of flame (5)
 w - a wand of disintegration (8)
 C - a wand of enslavement (10)
Scrolls
 b - 2 scrolls of amnesia {unknown}
 e - 2 scrolls of fear
 h - 9 scrolls of identify
 i - 6 scrolls of remove curse
 j - 2 scrolls of enchant armour {unknown}
 o - a scroll of random uselessness {unknown}
 q - 5 scrolls of teleportation
 B - a scroll of fog {unknown}
 D - a scroll of immolation {unknown}
Potions
 d - 2 potions of might
 g - 2 potions of magic
 k - a potion of invisibility {unknown}
 n - 2 potions of berserk rage {unknown}
 r - 2 potions of curing
 s - 3 potions of heal wounds {unknown}
 t - 2 potions of mutation
 u - 2 potions of ambrosia
 z - a potion of flight {unknown}
 A - a potion of haste {unknown}
Comestibles
 f - 11 rations


   Skills:
 + Level 7.2(7.0) Fighting
 + Level 8.5(8.3) Long Blades
 + Level 6.5(6.3) Armour
 + Level 4.3(4.2) Dodging
 + Level 1.0(0.8) Stealth
 + Level 7.8(7.6) Shields
 + Level 8.2(8.0) Invocations
 + Level 1.4(1.3) Evocations


You had 10 spell levels left.
You didn't know any spells.
Your spell library contained the following spells:

 Spells                   Type           Power        Failure   Level  Hunger
 Magic Dart               Conj           #...         94%         1    ##.....
 Searing Ray              Conj           #.....       98%         2    ###....
 Dazzling Spray           Conj/Hex       #.....       100%        3    ####...
 Force Lance              Conj/Tloc      #.......     100%        4    #####..
 Fulminant Prism          Conj/Hex       #.........   100%        4    #####..
 Iskenderun's Mystic Bla  Conj           #.......     100%        4    #####..


Dungeon Overview and Level Annotations

Branches:
Dungeon (9/15)             Temple (1/1) D:7            Lair (0/6) D:9
    Orc: D:9-12

Altars:
Ashenzari
Cheibriados
Dithmenos
Elyvilon
Fedhas
Gozag
Hepliaklqana
Kikubaaqudgha
Makhleb
Nemelex Xobeh
Okawaru
Qazlal
Ru
Sif Muna
Trog
Uskayaw
Vehumet
Wu Jian
Xom
Yredelemnul
Zin
The Shining One

Shops:
D:5 [}


Innate Abilities, Weirdness & Mutations

You have hooves in place of feet.
You are surrounded by a moderate repulsion field. (EV +3)
You regenerate health from kills.
You are agile. (Dex +2)


Message History

The wyvern zombie is lightly damaged.
The wyvern zombie bites you!
* * * LOW HITPOINT WARNING * * *
You block the wyvern zombie's attack.
The two-headed ogre shouts in stereo!
The wyvern zombie bites you!
* * * LOW HITPOINT WARNING * * *
The hound zombie bites you but does no damage.
The hound zombie misses you.
You riposte.
You closely miss the hound zombie. Your kick misses the hound zombie.
Unknown command.
The wyvern zombie bites you but does no damage.
You block the hound zombie's attack.
A bullfrog comes into view.
The bullfrog gives a loud, deep croak!
An adder comes into view.
The hound zombie bites you but does no damage.
The two-headed ogre seems to regain its courage.
The wyvern zombie bites you!
You die...

............# #...# #....# #
............###...# #....###
..................########.......
...........S...<.................
.................................
..#####......F...........#######.
..# #.>#####...####....# #. ..#
#..# #...# #....# #. ..# #..#
#..@# #....# #. ..# #..# #.ZZ#
#....# #. ..#####..#####...#
#....#######.
.............O...####............
.................................
.............)...................
.............).........###...####
..#######...#########..# #...# #
..# #...# #..# #...# #


You could see a two-headed ogre, a bullfrog, an adder, a hound zombie and a
wyvern zombie.

Vanquished Creatures
  Erolcha (D:8)
  Harold (D:9)
  2 two-headed ogres
  Joseph (D:8)
  Maurice (D:9)
  A kobold demonologist (D:8)
  A slime creature (D:8)
  A spriggan (D:8)
  A vampire mosquito (D:8)
  4 sky beasts
  An orc warrior (D:7)
  2 phantoms
  10 ogres
  4 centaurs
  Blork the orc (D:6)
  4 big kobolds (D:8)
  3 bullfrogs
  2 scorpions (D:9)
  3 howler monkeys
  2 vampire bats (D:5)
  4 wights (D:9)
  3 crimson imps
  A quasit (D:8)
  8 hounds
  2 centaur skeletons
  3 orc priests
  2 bullfrog skeletons
  3 iguanas
  6 worker ants
  9 orc wizards
  A killer bee zombie (D:5)
  2 hound skeletons (D:5)
  A worker ant zombie (D:8)
  12 gnolls
  6 adders
  A shadow imp (D:9)
  2 oozes (D:1)
  2 adder skeletons (D:6)
  3 worms
  2 dart slugs
  7 leopard geckos
  27 orcs
  7 giant cockroaches
  9 goblins
  4 hobgoblins
  11 jackals
  10 kobolds
  4 quokkas
  A ball python skeleton (D:5)
  11 bats
  9 frilled lizards
  A leopard gecko skeleton (D:8)
  A quokka zombie (D:5)
  6 rats
227 creatures vanquished.

Vanquished Creatures (others)
  A rat (D:3)
1 creature vanquished.

Grand Total: 228 creatures vanquished

Notes
Turn   | Place    | Note
-------+----------+-------------------------------------------
     0 | D:1      | McKennaii the Demonspawn Fighter began the quest for the
                  | Orb.
     0 | D:1      | Reached XP level 1. HP: 18/18 MP: 1/1
   396 | D:1      | Gained mutation: You have large cloven feet. [demonic
                  | ancestry]
   396 | D:1      | Reached XP level 2. HP: 23/24 MP: 2/2
   948 | D:1      | Gained mutation: You have hoof-like feet. [demonic
                  | ancestry]
   948 | D:1      | Reached XP level 3. HP: 13/29 MP: 3/3
  1677 | D:2      | Found an iron altar of Okawaru.
  1749 | D:3      | Noticed a sky beast
  1989 | D:3      | Gained mutation: You have hooves in place of feet. [demonic
                  | ancestry]
  1989 | D:3      | Reached XP level 4. HP: 16/35 MP: 4/4
  1993 | D:3      | Gained mutation: You are agile. (Dex +2) [potion of
                  | mutation]
  1993 | D:3      | Gained mutation: You evolve. [potion of mutation]
  2501 | D:3      | Killed a sky beast
  2501 | D:3      | Gained mutation: You are surrounded by a mild repulsion
                  | field. (EV +2) [demonic ancestry]
  2501 | D:3      | Reached XP level 5. HP: 27/42 MP: 5/5
  2762 | D:3      | Found a glowing golden altar of the Shining One.
  2767 | D:3      | Noticed an angel
  2785 | D:3      | Found a basalt altar of Yredelemnul.
  2970 | D:3      | Lost mutation: You evolve. [evolution]
  3179 | D:4      | Noticed an ogre
  3405 | D:4      | Got a scorched scale mail
  3416 | D:4      | Identified the cursed +1 scale mail "Cocludiu" {rC++} (You
                  | found it on level 4 of the Dungeon)
  3462 | D:4      | Noticed an ogre
  3488 | D:3      | Killed an ogre
  3488 | D:3      | Reached XP level 6. HP: 48/48 MP: 6/6
  4128 | D:5      | Entered Level 5 of the Dungeon
  4160 | D:4      | Reached skill level 1 in Dodging
  4321 | D:4      | Gained mutation: You are surrounded by a moderate repulsion
                  | field. (EV +3) [demonic ancestry]
  4321 | D:4      | Reached XP level 7. HP: 46/55 MP: 7/7
  4800 | D:5      | Found Jazakhos's Gadget Emporium.
  4884 | D:5      | Found a glowing golden altar of the Shining One.
  4932 | D:5      | Found a hazy altar of Hepliaklqana.
  5028 | D:5      | Found Dagiur's Armour Boutique.
  5065 | D:5      | Reached skill level 5 in Shields
  5188 | D:5      | Reached XP level 8. HP: 56/61 MP: 8/8
  5202 | D:5      | Found a shattered altar of Ashenzari.
  5890 | D:6      | Reached skill level 5 in Fighting
  5894 | D:6      | Noticed Blork the orc
  5900 | D:6      | Killed Blork the orc
  5900 | D:6      | Reached skill level 5 in Long Blades
  6226 | D:7      | Found a staircase to the Ecumenical Temple.
  6255 | Temple   | Entered the Ecumenical Temple
  6337 | Temple   | Became a worshipper of Makhleb the Destroyer
  6469 | D:7      | Reached skill level 1 in Invocations
  6730 | D:7      | Reached skill level 5 in Armour
  7114 | D:8      | Noticed a two-headed ogre
  7194 | D:8      | Found a blossoming altar of Fedhas.
  7194 | D:8      | Found an ancient bone altar of Kikubaaqudgha.
  7196 | D:8      | Found a bloodstained altar of Trog.
  7198 | D:8      | Found a snail-covered altar of Cheibriados.
  7199 | D:8      | Found an opulent altar of Gozag.
  7226 | D:8      | Gained mutation: You regenerate a little health from kills.
                  | [demonic ancestry]
  7226 | D:8      | Reached XP level 9. HP: 57/68 MP: 11/11
  7311 | D:8      | Noticed a kobold demonologist
  7320 | D:8      | Noticed an orange demon
  7324 | D:8      | Killed a kobold demonologist
  7444 | D:8      | Killed a two-headed ogre
  7444 | D:8      | Reached skill level 5 in Invocations
  7499 | D:8      | Noticed Joseph
  7510 | D:8      | Reached skill level 1 in Evocations
  7522 | D:8      | Killed Joseph
  7623 | D:8      | Reached XP level 10. HP: 66/77 MP: 14/14
  7656 | D:8      | Reached * piety under Makhleb
  8544 | D:9      | Found a sacrificial altar of Ru.
  8648 | D:9      | Found a staircase to the Lair.
  8695 | D:9      | Noticed Maurice
  8703 | D:9      | Found the +10 dark maul {crush}
  8777 | D:9      | Reached ** piety under Makhleb
  8882 | D:9      | Noticed Harold
  8897 | D:9      | Noticed Erolcha
  8898 | D:9      | Killed Harold
  8924 | D:8      | Killed Erolcha
  8945 | D:9      | Killed Maurice
  9041 | D:9      | Gained mutation: You regenerate health from kills. [demonic
                  | ancestry]
  9041 | D:9      | Reached XP level 11. HP: 61/84 MP: 17/17
  9170 | D:9      | Found an ornate altar of the Wu Jian Council.
  9396 | D:9      | Noticed a two-headed ogre
  9418 | D:9      | Killed a two-headed ogre
  9418 | D:9      | Reached skill level 1 in Stealth
  9436 | D:9      | Noticed a two-headed ogre
  9459 | D:9      | Slain by a wyvern zombie

Skill      XL: |  1  2  3  4  5  6  7  8  9 10 11 |
---------------+----------------------------------+-----
Shields        | 3 4 5 6 7 |  7.8
Armour         | 3 4 5 6 |  6.5
Long Blades    | 2 3 4 5 7 8 |  8.5
Fighting       | 4 5 6 7 |  7.2
Dodging        | 1 2 3 4 |  4.3
Invocations    | 3 6 8 |  8.2
Evocations     | 1 |  1.4
Stealth        | 1 |  1.0

Action                   |  1- 3 |  4- 6 |  7- 9 | 10-12 || total
-------------------------+-------+-------+-------+-------++-------
Melee: Long sword        |   130 |   125 |   315 |   220 ||   790
       Kick              |    20 |    49 |   128 |    93 ||   290
Invok: Minor Destruction |       |       |       |    13 ||    13
Evoke: Wand              |       |       |     7 |     8 ||    15
  Use: Scroll            |     2 |     3 |       |     1 ||     6
       Potion            |       |     4 |     1 |     2 ||     7
  Eat: Chunk             |     4 |     6 |    12 |     6 ||    28
Armor: Scale mail        |    86 |    63 |   163 |    45 ||   357
Dodge: Dodged            |    24 |    69 |   178 |    78 ||   349
Block: Shield            |    78 |    66 |   220 |   100 ||   464
       Rpst.: Long sword |     8 |    12 |    62 |    25 ||   107
